 Dungeon Crawl Stone Soup version 0.16.1-7-g2c6721e (webtiles) character file.

1801 talyn the Transmogrifier (level 8, -9/68 HPs)
             Began as a Grey Draconian Transmuter on Mar 29, 2015.
             Was an Initiate of Ru.
             Mangled by apoch's ghost (15 damage)
             ... on level 7 of the Dungeon.
             The game lasted 00:30:05 (9481 turns).

talyn the Transmogrifier (DrTm)                     Turns: 9481, Time: 00:30:05

Health: -9/68      AC:  2    Str: 16    XL:     8   Next: 83%
Magic:  13/14      EV: 19    Int: 16    God:    Ru [......]
Gold:   242        SH:  0    Dex: 17    Spells: 4 memorised, 2 levels left

rFire  . . .     SeeInvis .       - Unarmed
rCold  . . .     Clarity  .     (armour unavailable)
rNeg   + + .     SustAb   .     (shield currently unavailable)
rPois  x         Gourm    .     g - melded +2 hat
rElec  .         Spirit   .     q - melded +0 cloak
rCorr  .         Warding  +     (gloves currently unavailable)
rMut   .         Stasis   .     (boots currently unavailable)
MR     .....                    l - amulet of warding
Stlth  ++........               n - ring of positive energy
                                h - +4 ring of strength

@: spider-form, very slightly contaminated, invisible, not resistant to hostile
enchantments, unstealthy
A: walk through water, unfitting armour, (unbreathing), (cold-blooded), AC +11
a: End Transformation, Renounce Religion


You were on level 7 of the Dungeon.
You worshipped Ru.
Ru was noncommittal.
You were not hungry.
You were a venomous arachnid creature.
You visited 2 branches of the dungeon, and saw 8 of its levels.

You collected 242 gold pieces.

Inventory:

Missiles
 b - 95 arrows
 s - 17 arrows of frost
Armour
 g - a +2 hat (melded)
 q - a +0 cloak (melded)
Jewellery
 h - a +4 ring of strength (left front leg)
 l - an amulet of warding (around neck)
 n - a ring of positive energy (right front leg)
 p - an uncursed ring of teleportation
Magical devices
 c - a wand of fire (15)
 o - a wand of fire (7)
 r - a wand of disintegration (2)
 B - a wand of paralysis (9)
Scrolls
 i - 3 scrolls of teleportation
 u - a scroll of amnesia
 v - 3 scrolls of blinking
 w - a scroll of fog
Potions
 e - 2 potions of flight
 m - a potion of resistance
 t - 2 potions of curing
Books
 d - a book of Changes

   Spells                             Type                      Level
   a - Beastly Appendage              Transmutation                1
   b - Sticks to Snakes               Transmutation                2
   c - Spider Form                    Transmutation/Poison         3
   d - Ice Form                       Ice/Transmutation            4
   e - Blade Hands                    Transmutation                5
 x - a Fen Folio

   Spells                             Type                      Level
   a - Corpse Rot                     Necromancy                   2
   b - Stone Arrow                    Conjuration/Earth            3
   c - Leda's Liquefaction            Hexes/Earth                  4
   d - Summon Forest                  Summoning/Translocation      5
   e - Hydra Form                     Transmutation                6
   f - Summon Hydra                   Summoning                    7
Comestibles
 a - 6 fruits
 j - 3 bread rations


   Skills:
 - Level 5.1 Fighting
 - Level 1.7 Dodging
 - Level 5.0 Unarmed Combat
 + Level 2.5 Spellcasting
 + Level 8.1 Transmutations
 - Level 5.0 Poison Magic


You had 2 spell levels left.
You knew the following spells:

 Your Spells              Type           Power        Failure   Level  Hunger
a - Beastly Appendage     Trmt           ####..       4%          1    #......
b - Sticks to Snakes      Trmt           ####......   6%          2    ##.....
c - Spider Form           Trmt/Pois      ###.......   14%         3    ###....
d - Ice Form              Ice/Trmt       ###.....     61%         4    #####..


Dungeon Overview and Level Annotations

Branches:
Dungeon (7/15)             Temple (1/1) D:6

Altars:
Ashenzari
Cheibriados
Dithmenos
Elyvilon
Fedhas
Gozag
Kikubaaqudgha
Makhleb
Nemelex Xobeh
Okawaru
Qazlal
Ru
Sif Muna
Trog
Yredelemnul
Zin

Annotations:
D:3 Sigmund
D:7 apoch's ghost, experienced GrFi


Innate Abilities, Weirdness & Mutations

You can walk through water.
((Your dull iron-grey scales are very hard (AC +11).))
Your body does not fit into most forms of armour.
((You can survive without breathing.))
((Your cold-blooded metabolism reacts poorly to cold.))


Message History

You hit apoch's ghost.
Apoch's ghost is heavily damaged.
Apoch's ghost misses you.
You hit apoch's ghost but do no damage.
Apoch's ghost is heavily damaged.
Apoch's ghost completely misses you.
You catch the helpless apoch's ghost completely off-guard!
You hit apoch's ghost but do no damage.
Apoch's ghost is heavily damaged.
Apoch's ghost misses you.
You hit apoch's ghost!
Apoch's ghost is severely damaged.
Apoch's ghost hits you!
* * * LOW HITPOINT WARNING * * *
You hit apoch's ghost.
Apoch's ghost is severely damaged.
Apoch's ghost hits you!
* * * LOW HITPOINT WARNING * * *
Apoch's ghost hits you!
You die...

#.#
#.#
#.#
#.#
#.#
#.#
#.#
#W#
#s#
###


You could see apoch's ghost.

Vanquished Creatures
  An orc warrior (D:6)
  A phantom (D:5)
  A sky beast (D:6)
  An ogre (D:6)
  2 ice beasts
  A necrophage (D:4)
  2 giant frogs (D:6)
  A scorpion (D:7)
  5 crimson imps
  3 iguanas
  A hound (D:3)
  3 orc priests
  3 orc wizards
  5 worker ants
  4 gnolls (D:3)
  A river rat (D:5)
  16 adders
  2 giant mites
  10 worms
  2 adder skeletons (D:4)
  5 giant geckos
  An ooze (D:4)
  19 orcs
  5 ball pythons
  13 bats
  A bat zombie (D:5)
  10 giant cockroaches
  15 hobgoblins
  11 jackals
  13 kobolds
  7 giant newts
  10 goblins
  3 quokkas
  19 rats
  3 ballistomycetes (D:6)
200 creatures vanquished.

Vanquished Creatures (others)
  An ice beast (D:6)
  A giant spore (D:6)
2 creatures vanquished.

Grand Total: 202 creatures vanquished

Notes
Turn   | Place    | Note
--------------------------------------------------------------
     0 | D:1      | talyn, the Draconian Transmuter, began the quest for the Orb.
     0 | D:1      | Reached XP level 1. HP: 16/16 MP: 3/3
    90 | D:1      | Reached XP level 2. HP: 17/23 MP: 1/4
   841 | D:1      | Reached skill level 4 in Unarmed Combat
   971 | D:2      | Found a snail-covered altar of Cheibriados.
  1138 | D:2      | Reached XP level 3. HP: 28/28 MP: 6/6
  1758 | D:2      | Noticed a moth of wrath
  1761 | D:2      | Found a bloodstained altar of Trog.
  1931 | D:2      | Found a white marble altar of Elyvilon.
  1947 | D:2      | Reached XP level 4. HP: 26/35 MP: 5/7
  1994 | D:2      | Reached skill level 5 in Unarmed Combat
  1995 | D:2      | Found an ancient bone altar of Kikubaaqudgha.
  2384 | D:3      | Learned a level 2 spell: Sticks to Snakes
  2388 | D:3      | Learned a level 3 spell: Spider Form
  2790 | D:3      | Reached XP level 5. HP: 30/40 MP: 9/9
  2959 | D:3      | Found a shadowy altar of Dithmenos.
  3080 | D:3      | Noticed Sigmund
  3370 | D:4      | Found a sparkling altar of Nemelex Xobeh.
  3487 | D:4      | Found a stormy altar of Qazlal.
  3563 | D:4      | Noticed a necrophage
  3571 | D:4      | Killed a necrophage
  3571 | D:4      | Reached skill level 5 in Transmutations
  3571 | D:4      | Reached XP level 6. HP: 36/47 MP: 6/10
  3998 | D:4      | Learned a level 3 spell: Spider Form
  4137 | D:4      | Found a basalt altar of Yredelemnul.
  5216 | D:4      | Reached skill level 6 in Transmutations
  5385 | D:5      | Entered Level 5 of the Dungeon
  5569 | D:5      | Found a glowing drain.
  5826 | D:5      | Your scales start taking on a dull iron-grey colour.
  5826 | D:5      | Gained mutation: You can survive without breathing. [draconian maturity]
  5826 | D:5      | Reached XP level 7. HP: 33/56 MP: 8/12
  6472 | D:5      | Reached skill level 5 in Fighting
  6910 | D:3      | Reached skill level 1 in Poison Magic
  7030 | D:6      | Learned a level 4 spell: Ice Form
  7192 | D:6      | Reached XP level 8. HP: 49/68 MP: 13/13
  7658 | D:6      | Reached skill level 7 in Transmutations
  7920 | D:6      | Found a staircase to the Ecumenical Temple.
  7938 | Temple   | Entered the Ecumenical Temple
  8025 | Temple   | Became a worshipper of Ru the Awakened
  9063 | D:6      | Reached skill level 5 in Poison Magic
  9193 | D:6      | Reached skill level 8 in Transmutations
  9394 | D:7      | Noticed apoch's ghost (experienced GrFi)
  9481 | D:7      | Mangled by apoch's ghost

Action                   |  1- 3 |  4- 6 |  7- 9 || total
-------------------------+-------+-------+-------++-------
Melee: Unarmed           |   151 |   345 |   455 ||   951
 Cast: Beastly Appendage |    14 |    24 |    21 ||    59
       Spider Form       |       |     5 |     7 ||    12
  Use: Scroll            |     4 |     8 |    11 ||    23
       Potion            |       |       |     4 ||     4
 Stab: Sleeping          |       |     1 |     3 ||     4
       Invisible         |       |       |     1 ||     1
  Eat: Bread ration      |     1 |     1 |       ||     2
       Chunk             |       |     7 |     5 ||    12
       Beef jerky        |       |     1 |       ||     1
       Meat ration       |       |       |     2 ||     2
       Pizza             |       |       |     1 ||     1
